 Dungeon Crawl Stone Soup version 0.17.1-2-g5865329 (webtiles) character file.

268 Mysteryquy the Cleaver (level 6, -4/51 HPs)
             Began as a Hill Orc Fighter on Jan 23, 2016.
             Killed by divine providence
             ... invoked by an orc priest
              (13 damage)
             ... on level 4 of the Dungeon.
             The game lasted 00:03:55 (2872 turns).

Mysteryquy the Cleaver (Hill Orc Fighter)           Turns: 2872, Time: 00:03:55

Health: -4/51      AC:  7    Str: 21    XL:     6   Next: 21%
Magic:  6/6        EV:  8    Int:  8    God:
Gold:   179        SH:  0    Dex: 12    Spells: 0 memorised, 5 levels left

rFire  . . .     SeeInvis .     a - +0 war axe
rCold  . . .     Clarity  .     t - +2 ring mail {MR+}
rNeg   . . .     SustAt   .     c - +0 shield
rPois  .         Gourm    .     (no helmet)
rElec  .         Spirit   .     (no cloak)
rCorr  .         Warding  .     (no gloves)
rMut   .         Stasis   .     (no boots)
MR     +....                    (no amulet)
Stlth  ..........               v - ring of invisibility
                                s - +2 ring of dexterity

@: confused, somewhat resistant to hostile enchantments, extremely unstealthy
A: no striking features
a: Convert to Beogh, Evoke Invisibility


You were on level 4 of the Dungeon.
You were hungry.

You visited 1 branch of the dungeon, and saw 4 of its levels.

You collected 179 gold pieces.

Inventory:

Hand Weapons
 a - a +0 war axe (weapon)
Armour
 b - a +0 scale mail
 c - a +0 shield (worn)
 t - a +2 ring mail of magic resistance (worn)
Jewellery
 s - a +2 ring of dexterity (left hand)
 v - a ring of invisibility (right hand)
Scrolls
 g - a scroll of enchant armour {unknown}
 h - 2 scrolls of remove curse {unknown}
 j - a scroll of fear {unknown}
 m - 2 scrolls of recharging {unknown}
 p - 3 scrolls of identify {unknown}
 w - a scroll of fog {unknown}
 x - a scroll of amnesia {unknown}
Potions
 i - 2 potions of magic {unknown}
 k - 3 potions of curing {unknown}
 l - 3 potions of heal wounds {unknown}
 q - a potion of invisibility {unknown}
 u - a potion of haste {unknown}
 z - a potion of flight {unknown}
Comestibles
 d - a slice of pizza
 e - 4 bread rations
 f - 4 fruits
 n - 3 meat rations
 o - 2 beef jerkies
 r - a chunk of flesh


   Skills:
 - Level 3.6 Fighting
 + Level 8.4 Axes
 - Level 3.2 Armour
 - Level 3.2 Shields


You had 5 spell levels left.
You didn't know any spells.

Dungeon Overview and Level Annotations

Branches:
Dungeon (4/15)
 Temple: D:4-7

Altars:
Dithmenos


Message History

You hear some strange, mumbled words.
You are confused.
You barely miss something.
The orc priest shouts, "Beogh is our master!
Accept the truth or die!"
Something hits you.
Your shield and ring mail prevent you from hitting something.
Something hits you.
* * * LOW HITPOINT WARNING * * *
You bump into the rock wall.
You hear some strange, mumbled words.
A magic dart appears from out of thin air!
The magic dart hits you!
* * * LOW HITPOINT WARNING * * *
The orc priest shouts, "Join the one true god or die!"
A magic dart appears from out of thin air!
The magic dart hits you!
* * * LOW HITPOINT WARNING * * *
The orc priest calls down the wrath of Beogh upon you.
Something smites you!
You die...

#........o...#
#.#.#..........#
#.........#..###
.#......<#..###
#############....#
...............#o#
################)#
#.# #@# #.#######
#........
#########


You could see an orc priest.

Vanquished Creatures
  An orc wizard (D:4)
  2 worker ants (D:4)
  A worker ant zombie (D:3)
  6 adders
  4 gnolls (D:3)
  An ooze (D:1)
  A worm (D:2)
  3 giant geckos
  4 orcs (D:3)
  A ball python (D:3)
  2 giant cockroaches
  2 hobgoblins (D:2)
  4 jackals (D:1)
  8 kobolds
  2 quokkas (D:2)
  7 bats
  3 giant newts
  11 goblins
  41 rats
104 creatures vanquished.

Notes
Turn   | Place    | Note
--------------------------------------------------------------
     0 | D:1      | Mysteryquy the Hill Orc Fighter began the quest for the Orb.
     0 | D:1      | Reached XP level 1. HP: 19/19 MP: 1/1
    86 | D:1      | Reached XP level 2. HP: 17/26 MP: 2/2
   117 | D:1      | Reached skill level 4 in Axes
   354 | D:1      | Reached XP level 3. HP: 29/31 MP: 3/3
   913 | D:2      | Reached skill level 5 in Axes
  1133 | D:2      | Reached XP level 4. HP: 27/39 MP: 4/4
  1701 | D:3      | Reached skill level 6 in Axes
  1891 | D:3      | Reached XP level 5. HP: 42/45 MP: 5/5
  1925 | D:3      | Reached skill level 7 in Axes
  2184 | D:3      | Found a shadowy altar of Dithmenos.
  2619 | D:4      | Noticed an ogre
  2775 | D:4      | Reached skill level 8 in Axes
  2775 | D:4      | Reached XP level 6. HP: 49/51 MP: 6/6
  2872 | D:4      | Killed from afar by an orc priest

Action                   |  1- 3 |  4- 6 || total
-------------------------+-------+-------++-------
Melee: War axe           |    86 |   201 ||   287
  Use: Potion            |       |     1 ||     1
  Eat: Chunk             |     1 |     5 ||     6
